 Dungeon Crawl Stone Soup version 0.31-a0-564-g3b7de120b3 (webtiles) character file.

Game seed: 12335075752519591888

344 Shayle the Trooper (level 6, -6/62 HPs)
             Began as an Ogre Shapeshifter on Aug 17, 2023.
             Splashed by a jelly's acid (8 damage)
             ... on level 4 of the Dungeon.
             The game lasted 00:07:03 (3587 turns).

Shayle the Trooper (Ogre Shapeshifter)              Turns: 3587, Time: 00:07:04

Health: -6/62      AC: -33   Str: 20    XL:     6   Next: 58%
Magic:  6/6        EV: 10    Int: 17    God:
Gold:   206        SH:  0    Dex: 12    Spells: 5/5 levels left

rFire   . . .        b - +4 short sword "Cemic" {freeze, Dex+3}
rCold   . . .        (no shield)
rNeg    . . .        a - +0 animal skin
rPois   .            (helmet currently unavailable)
rElec   .            (cloak currently unavailable)
rCorr   .            (gloves unavailable)
SInv    .            (boots unavailable)
Will    .....        (no amulet)
Stlth   +            q - +6 ring of intelligence
HPRegen 0.30/turn    (no ring)
MPRegen 0.10/turn

%: no passive effects
@: beast-form, corroded
A: beast (slay +2), large, unfitting armour, tough skin 1
a: Begin Untransformation


You were on level 4 of the Dungeon.
You were a hulking beast.
You visited 1 branch of the dungeon, and saw 5 of its levels.

You collected 206 gold pieces.

Inventory:

Hand Weapons
 b - the +4 short sword "Cemic" (weapon) {freeze, Dex+3}
   (You found it on level 2 of the Dungeon)

   Dex+3:     It affects your dexterity (+3).
 o - a +2 falchion of freezing
Missiles
 g - 4 large rocks
 l - 6 datura-tipped darts
Armour
 a - a +0 animal skin (worn)
Jewellery
 q - a +6 ring of intelligence (left hand)
Talismans
 c - a beast talisman (active)
 d - a flux talisman
Wands
 p - a wand of roots (4)
Scrolls
 e - 2 scrolls of brand weapon
 m - 2 scrolls of identify
 n - 2 scrolls of enchant armour
Potions
 f - 2 potions of cancellation {unknown}
 i - 3 potions of attraction {unknown}
 k - 3 potions of haste {unknown}


   Skills:
 + Level 4.3 Fighting
 + Level 3.3 Dodging
 + Level 4.0 Unarmed Combat
 + Level 4.0 Shapeshifting


You had 5 spell levels left.
You didn't know any spells.
Your spell library contained the following spells:

 Spells                   Type           Power      Damage    Failure   Level
 Scorch                   Fire           0%         2d5       34%         2
 Animate Dead             Necr           0%         N/A       93%         4
 Fireball                 Conj/Fire      0%         3d3       100%        5


Dungeon Overview and Level Annotations

Branches:
Dungeon (5/15)
 Temple: D:4-7

Altars:
Uskayaw
Yredelemnul
Zin

Annotations:
D:5 Ijyb, Menkaure


Innate Abilities, Weirdness & Mutations

You are a hulking beast.
Your limbs bulge with bestial killing power. (Slay +2)
You are too large for most types of armour.
You have tough skin. (AC +1)


Message History

* * * LOW HITPOINT WARNING * * *
You hit the jelly. You freeze the jelly.
Your hands burn!
* * * LOW HITPOINT WARNING * * *
The jelly is almost dead.
The jelly barely misses you.
You barely miss the jelly.
The jelly is almost dead.
The jelly barely misses you.
You barely miss the jelly.
The jelly is almost dead.
The jelly hits you.
* * * LOW HITPOINT WARNING * * *
You are splashed with acid!
* * * LOW HITPOINT WARNING * * *
Unknown command.
Okay, then.
Okay, then.
Okay, then.
Okay, then.
Aiming: Fastroot
Press: ? - help, Shift-Dir - straight line, f - jelly
Aim: a jelly (almost dead)
The roots erupt in riotous growth!
The jelly is unaffected.
You hear a shout!
You hear an angry hiss.
The jelly barely misses you.
You feel better.
A ball python comes into view.
The jelly hits you.
* * * LOW HITPOINT WARNING * * *
The acid corrodes you!
You are splashed with acid!
* * * LOW HITPOINT WARNING * * *
You completely miss the jelly.
The jelly is almost dead.
A goblin comes into view. It is wielding a +0 dagger.
The jelly completely misses you.
An orc comes into view. It is wielding a +0 short sword.
The jelly hits you.
* * * LOW HITPOINT WARNING * * *
The acid corrodes you!
You are splashed with acid!
You die...

## .# #?# #.# .. #.#
#.# #.#
#######+###..# #.#
#....##.##...####g
#.#
#.##.##.##h....S.o
#.#
#.##..#....J...##.
#.###.##.....#.....#
#.........####...###
##.....#...........
#.....########.####
#.....# ##+##
##...## ##...##
##.## ##.....##


You could see a jelly, an orc (wandering), a goblin and a ball python.

Vanquished Creatures
  A bullfrog (D:4)
  An orc priest (D:4)
  A hound (D:3)
  Jessica (D:2)
  2 orc wizards
  An iguana (D:4)
  2 gnolls
  4 adders
  2 worms (D:2)
  5 orcs
  A ball python (D:3)
  4 bats
  4 endoplasms
  A giant cockroach (D:2)
  6 goblins
  8 hobgoblins
  4 jackals (D:1)
  4 kobolds
  A quokka (D:3)
  2 frilled lizards
  4 rats
59 creatures vanquished.

Notes
Turn   | Place    | Note
-------+----------+-------------------------------------------
     0 | D:1      | Shayle the Ogre Shapeshifter began the quest for the Orb.
     0 | D:1      | Reached XP level 1. HP: 19/19 MP: 1/1
   199 | D:1      | Reached XP level 2. HP: 28/28 MP: 2/2
   600 | D:1      | You fall into a shaft and drop 1 floor!
   620 | D:2      | Reached XP level 3. HP: 5/35 MP: 3/3
   679 | D:2      | Identified the +4 short sword "Cemic" {freeze, Dex+3}
  1310 | D:2      | Identified the +4 plate armour "Liuntaok" {Harm Fly Dex+3}
  1320 | D:2      | Got the Discursus on Corpses and Calefaction
  1343 | D:2      | Noticed Jessica
  1347 | D:2      | Killed Jessica
  1348 | D:2      | Reached XP level 4. HP: 43/44 MP: 4/4
  1885 | D:3      | Reached XP level 5. HP: 40/53 MP: 5/5
  1934 | D:3      | Found the +1 Delatra's gloves {ID++}
  2230 | D:3      | Found a basalt altar of Yredelemnul.
  2232 | D:3      | Found a glowing silver altar of Zin.
  2972 | D:5      | Entered Level 5 of the Dungeon
  2972 | D:5      | Noticed Ijyb
  2972 | D:5      | Found a hide-covered altar of Uskayaw.
  2974 | D:5      | Noticed Menkaure
  3022 | D:4      | Reached XP level 6. HP: 16/62 MP: 6/6
  3585 | D:4      | HP: 3/62 [acid (8)]
  3587 | D:4      | Splashed by a jelly's acid

Illustrated notes

Levels and vault maps discovered:
D:1:      onia_arrival_pentagram, layout_loops_corners,
          hangedman_decor_diamond_cutter
D:2:      layout_loops_cross, uniq_jessica
D:3:      layout_basic, chequers_temple_overflow_statue_of_worship,
          roderic_roman_lattice, pf_guarded_unrand_delatra
D:4:      layout_loops_corners, nicolae_vehumet_altar_sigil, serial_shops, shop
D:5:      layout_cave_pools, grunt_temple_overflow_open,
          mainiacjoe_overflow_alcove_4, uniq_ijyb, uniq_menkaure

Skill      XL: |  1  2  3  4  5  6 |
---------------+-------------------+-----
Dodging        | 2 3 |  3.3
Fighting       | 2 3 4 |  4.3
Unarmed Combat | 3 4 |  4.0
Shapeshifting  | 4 |  4.0

Action                     |  1- 3 |  4- 6 || total
---------------------------+-------+-------++-------
  Melee: Unarmed           |    65 |    22 ||    87
         Punch             |     2 |     1 ||     3
         Short sword       |    22 |    97 ||   119
  Evoke: Wand              |       |     1 ||     1
    Use: Potion            |     1 |     4 ||     5
         Scroll            |       |     3 ||     3
   Stab: Sleeping          |       |     2 ||     2
 Armour: Animal skin       |    24 |    23 ||    47
         Skin              |       |    10 ||    10
  Dodge: Dodged            |    34 |    77 ||   111

Table legend: (Time is in decaauts)
 A = Elapsed time spent in this place.
 B = Non-inter-level travel time spent in this place.
 C = Inter-level travel time spent in this place.
 D = Time resting spent in this place.
 E = Time spent auto-exploring this place.
 F = Levels seen in this place.
 G = Mean time per level.
                   A        B        C        D        E       F      G
               +--------+--------+--------+--------+--------+-----+--------+
         Total |   3581 |   3340 |    241 |    320 |   2320 |   5 |  716.2 |
       Dungeon |   3581 |   3340 |    241 |    320 |   2320 |   5 |  716.2 |
               +--------+--------+--------+--------+--------+-----+--------+

Top non-repeatable levels by time:
     D:3: 1427 daAuts
     D:1: 1143 daAuts
     D:2: 681 daAuts
     D:4: 323 daAuts
     D:5: 5 daAuts
